 Dungeon Crawl Stone Soup version 0.28-a0-479-g5baa6b73be (webtiles) character file.

Game seed: 4543138283843399423

2 GerCur the Slasher (level 1, -2/18 HPs)
             Began as a Human Berserker on Sept 19, 2021.
             Was a Follower of Trog.
             Slain by a kobold (6 damage)
             ... on level 1 of the Dungeon.
             The game lasted 00:00:23 (36 turns).

GerCur the Slasher (Human Berserker)                  Turns: 36, Time: 00:00:23

Health: -2/18      AC:  2    Str: 17    XL:     1   Next: 44%
Magic:  1/1        EV: 12    Int:  7    God:    Trog [*.....]
Gold:   0          SH:  0    Dex: 12    Spells: 0/0 levels left

rFire   . . .      SeeInvis .   a - +0 falchion
rCold   . . .      Faith    .   (no shield)
rNeg    . . .      Spirit   .   b - +0 animal skin
rPois   .          Reflect  .   (no helmet)
rElec   .          Harm     .   (no cloak)
rCorr   .          Rampage  .   (no gloves)
Will    .....                   (no boots)
Stlth   +.........              (no amulet)
HPRegen 0.06/turn               (no ring)
MPRegen 0.07/turn               (no ring)

@: no status effects
A: no striking features
a: Renounce Religion, Berserk


You were on level 1 of the Dungeon.
You worshipped Trog.
Trog was aware of your devotion.
You visited 1 branch of the dungeon, and saw 1 of its levels.

Inventory:

Hand Weapons
 a - a +0 falchion (weapon)
Armour
 b - a +0 animal skin (worn)
Scrolls
 c - a scroll of immolation {unknown}


   Skills:
 + Level 3.0 Fighting
 + Level 3.0 Long Blades
 + Level 2.0 Armour
 + Level 2.0 Dodging


You couldn't memorise any spells.
You didn't know any spells.
Your spell library was empty.

Dungeon Overview and Level Annotations

Branches:
Dungeon (1/15)

Altars:


Message History

Found a stone and a scroll labelled SUMIUN MEIMEIL.
Found a staircase leading out of the dungeon.
Okay, then.
There is a staircase leading out of the dungeon here.
You see here a stone.
c - a scroll labelled SUMIUN MEIMEIL A quokka comes into view.
A rat comes into view.
The quokka bites you.
You miss the quokka. The quokka misses you.
You hit the quokka.
You kill the quokka!
Trog accepts your kill.
You slash the rat!
You kill the rat!
Trog accepts your kill.
You open the door.
A rat and a kobold come into view.
The kobold is wielding a +4 whip of freezing.
The kobold shouts!
Found a dagger and a smoky cyan potion.
An endoplasm comes into view.
There is an open door here.
The rat barely misses you.
You hit the rat.
You kill the rat!
Trog accepts your kill.
You barely miss the kobold.
The kobold hits you with a +4 whip of freezing.
The kobold freezes you.
A frilled lizard comes into view.
The kobold closely misses you.
You closely miss the kobold. The kobold barely misses you.
You barely miss the kobold.
The kobold hits you with a +4 whip of freezing!
The kobold freezes you.
* * * LOW HITPOINT WARNING * * *
You closely miss the kobold.
The kobold hits you with a +4 whip of freezing.
You die...

#..# ##..## ......
!..l )..## #J. .###
#K# #..## #@# #...#
########
##'###...###...8...
##...##...##..8...8.
##.....#...#8........
#.............8..(..8
#...........#8........
+...........##..8.<.8.
#...........###...8...
##..........# ########


You could see an endoplasm, a kobold and a frilled lizard.

Vanquished Creatures
  A quokka (D:1)
  2 rats (D:1)
3 creatures vanquished.

Notes
Turn   | Place    | Note
-------+----------+-------------------------------------------
     0 | D:1      | GerCur the Human Berserker began the quest for the Orb.
     0 | D:1      | Reached XP level 1. HP: 18/18 MP: 1/1
    36 | D:1      | Slain by a kobold

Illustrated notes

Levels and vault maps discovered:
D:1:      erik_arrival_orb_chamber, layout_loops_corners

Action                   || total
-------------------------++-------
Melee: Falchion          ||     8
Dodge: Dodged            ||     4

Table legend: (Time is in decaauts)
 A = Elapsed time spent in this place.
 B = Non-inter-level travel time spent in this place.
 C = Inter-level travel time spent in this place.
 D = Time resting spent in this place.
 E = Time spent auto-exploring this place.
 F = Levels seen in this place.
 G = Mean time per level.
                   A        B        C        D        E       F      G
               +--------+--------+--------+--------+--------+-----+--------+
         Total |     37 |     37 |      0 |      0 |      0 |   1 |   37.0 |
       Dungeon |     37 |     37 |      0 |      0 |      0 |   1 |   37.0 |
               +--------+--------+--------+--------+--------+-----+--------+

Top non-repeatable levels by time:
     D:1: 37 daAuts
